 Dungeon Sprint DCSS version 0.27.1-1-g398f81649c (webtiles) character file.

Game seed: 16629083034039933773

223 styxcanada the Unseen (level 5, -5/28 HPs)
             Began as a Spriggan Brigand on Sept 17, 2021.
             Was an Initiate of Gozag.
             Slain by Duvessa (16 damage)
             ... in the Dungeon (Sprint VII: "The Pits").
             The game lasted 00:01:31 (111 turns).

styxcanada the Unseen (Spriggan Brigand)             Turns: 111, Time: 00:01:32

Health: -5/28      AC:  3    Str:  7    XL:     5   Next: 66%
Magic:  6/6        EV: 19    Int: 13    God:    Gozag
Gold:   279        SH:  0    Dex: 17    Spells: 4/4 levels left

rFire    . . .     SeeInvis +   l - +2 dagger (flame)
rCold    . . .     Faith    .   (shield restricted)
rNeg     . . .     Spirit   .   b - +0 robe
rPois    .         Reflect  .   (helmet restricted)
rElec    .         Harm     .   c - +0 cloak
rCorr    .         Rampage  .   (gloves unavailable)
Will     .....     NoTele   +   (boots unavailable)
Stlth    ++++++....             (no amulet)
HPRegen  0.09/turn              (no ring)
MPRegen  0.10/turn              (no ring)

@: gold aura, very quick
A: very small, no large weapons, unfitting armour, see invisible, speed 3
a: Renounce Religion, Potion Petition, Call Merchant, Bribe Branch


You were in the Dungeon.
You worshipped Gozag.
Gozag was aware of your devotion.
You visited 1 branch You collected 279 gold pieces.

Inventory:

Hand Weapons
 a - a +2 dagger
 l - a +2 dagger of flaming (weapon)
Missiles
 d - 7 poisoned darts (quivered)
 e - 2 curare-tipped darts
 n - 10 stones
Armour
 b - a +0 robe (worn)
 c - a +0 cloak (worn)
Scrolls
 k - a scroll of blinking
Potions
 f - a potion of curing
 g - a potion of heal wounds
 h - a potion of haste
 i - 4 potions of magic
 j - 3 potions of berserk rage
 m - 2 potions of invisibility


   Skills:
 * Level 3.5 Fighting
 + Level 3.9 Short Blades
 + Level 3.0 Throwing
 * Level 5.3 Dodging
 * Level 15.0 Stealth


You had 4 spell levels left.
You didn't know any spells.
Your spell library was empty.

Dungeon Overview and Level Annotations

Branches:
Dungeon (1/1)

Altars:
Ashenzari
Cheibriados
Dithmenos
Elyvilon
Fedhas
Gozag
Hepliaklqana
Kikubaaqudgha
Makhleb
Nemelex Xobeh
Okawaru
Qazlal
Ru
Sif Muna
Trog
Uskayaw
Vehumet
Wu Jian
Xom
Yredelemnul
Zin
The Shining One
Beogh
Jiyva
Lugonu

Annotations:
D Duvessa


Innate Abilities, Weirdness & Mutations

You are very small and have problems with some larger weapons.
You are too small for most types of armour.
You have supernaturally acute eyesight. (SInv)
You cover ground extremely quickly. (Speed+++)


Message History

Aim: a quokka (51% to hit)
You throw a poisoned dart. The poisoned dart hits the quokka.
The quokka is poisoned.
Unknown command.
There is an open door here.
You hear a shout!
You hit the ufetubus. You burn the ufetubus.
The ufetubus is severely wounded.
The ufetubus completely misses you. The ufetubus misses you.
There is an open door here.
You hit the ufetubus. You burn the ufetubus.
You kill the ufetubus!
You feel a bit more experienced.
Your Stealth skill increases to level 15!
You hit Duvessa but do no damage. Duvessa hits you with a +0 short sword!
Ouch! That really hurt!
You hit Duvessa. You burn Duvessa.
Duvessa is lightly wounded.
Duvessa misses you.
You hit Duvessa but do no damage.
Duvessa is lightly wounded.
Duvessa barely misses you. Duvessa closely misses you.
You hit Duvessa. You burn Duvessa.
Duvessa is lightly wounded.
Duvessa barely misses you.
You hit Duvessa but do no damage.
Duvessa is lightly wounded.
Duvessa closely misses you.
You hit Duvessa but do no damage.
Duvessa is lightly wounded.
Duvessa completely misses you.
You hit Duvessa but do no damage.
Duvessa is lightly wounded.
Duvessa misses you.
You hit Duvessa. You burn Duvessa.
Duvessa is lightly wounded.
Duvessa hits you with a +0 short sword. Duvessa hits you with a +0 short sword!
Ouch! That really hurt!
You die...
Your body crumbles into a pile of gold.

#_________.#
#_______...###########+
##########'##..........
#.?..')))'.##......#..#
##########.##..........
#...........'..........
+#####'#####......#..#
#..#..# #..........
#.re@.# ####'#####+
#.$#### #.......#
#..#..# #.......#
#..#..# #.......#
##'#..#+###...<...#
#...$.(..##.......#
#.....r..##.......#
###########.......#
#########


You could see Duvessa (berserk) and a quokka.

Vanquished Creatures
  A floating eye (D)
  A scorpion (D)
  Dowan (D)
  A river rat (D)
  An ufetubus (D)
  A bat zombie (D)
  A hobgoblin (D)
  A quokka (D)
  A ball python skeleton (D)
9 creatures vanquished.

Notes
Turn   | Place    | Note
-------+----------+-------------------------------------------
     0 | D        | styxcanada the Spriggan Brigand began the quest for the
                  | Orb.
     0 | D        | Reached XP level 1. HP: 10/10 MP: 2/2
    15 | D        | Reached skill level 6 in Stealth
    18 | D        | Found a bloodstained altar of Trog.
    18 | D        | Found a shimmering blue altar of Sif Muna.
    18 | D        | Found a viscous altar of Jiyva.
    18 | D        | Found a hazy altar of Hepliaklqana.
    18 | D        | Found an opulent altar of Gozag.
    19 | D        | Found a glowing golden altar of the Shining One.
    19 | D        | Found a glowing silver altar of Zin.
    19 | D        | Found a basalt altar of Yredelemnul.
    19 | D        | Found a shimmering altar of Xom.
    19 | D        | Found an ornate altar of the Wu Jian Council.
    19 | D        | Found a sacrificial altar of Ru.
    19 | D        | Found a stormy altar of Qazlal.
    19 | D        | Found an iron altar of Okawaru.
    19 | D        | Found a sparkling altar of Nemelex Xobeh.
    19 | D        | Found a burning altar of Makhleb.
    19 | D        | Found a blossoming altar of Fedhas.
    19 | D        | Found a white marble altar of Elyvilon.
    19 | D        | Found a shadowy altar of Dithmenos.
    19 | D        | Found a snail-covered altar of Cheibriados.
    20 | D        | Found a radiant altar of Vehumet.
    20 | D        | Found a corrupted altar of Lugonu.
    21 | D        | Found an ancient bone altar of Kikubaaqudgha.
    21 | D        | Found a hide-covered altar of Uskayaw.
    21 | D        | Found a broken altar of Ashenzari.
    23 | D        | Became a worshipper of Gozag Ym Sagoz the Greedy
    49 | D        | Noticed a floating eye
    57 | D        | Paralysed by a floating eye for 4 turns
    64 | D        | Killed a floating eye
    65 | D        | Reached skill level 12 in Stealth
    65 | D        | Reached XP level 2. HP: 16/16 MP: 3/3
    65 | D        | Reached XP level 3. HP: 19/19 MP: 4/4
    65 | D        | Reached XP level 4. HP: 23/23 MP: 5/5
    72 | D        | Noticed a scorpion
    78 | D        | Killed a scorpion
    79 | D        | Reached skill level 14 in Stealth
    79 | D        | Reached XP level 5. HP: 28/28 MP: 6/6
    92 | D        | Noticed Dowan
    93 | D        | Noticed Duvessa
    94 | D        | Killed Dowan
    95 | D        | Reached skill level 5 in Dodging
   103 | D        | Reached skill level 15 in Stealth
   111 | D        | Slain by Duvessa

Illustrated notes

Levels and vault maps discovered:
D:        pitsprint [storerooms_1, entrance_room_1, metal_vault_4, armoury_1,
          mini_pit_1, grid_room_1, main_hall_1, silver_pit, the_coven_2,
          the_vestibule_1, steel_vault_2, golden_pit, hallway_of_sentries,
          crystal_vault_2, iron_vault_4, final_vault]

Skill      XL: |  1  2  3  4  5 |
---------------+----------------+-----
Stealth        | 12 14 15 | 15.0
Fighting       | 2 3 |  3.5
Short Blades   | 3 |  3.9
Dodging        | 4 5 |  5.3
Throwing       | 3 |  3.0

Action                   |  1- 3 |  4- 6 || total
-------------------------+-------+-------++-------
Melee: Dagger            |    13 |    14 ||    27
Throw: Dart              |       |     1 ||     1
 Stab: Sleeping          |       |     4 ||     4
Armor: Robe              |     1 |       ||     1
Dodge: Dodged            |     3 |     9 ||    12
